Match 39273056
Unlisted

Match 39273056
End
Panzergrenadier Squad
250 Light Carrier
Selects Italian Infantry
Panzergrenadier Squad
Construct Light Support Kompanie
MG34 Team
Construct Mechanized Kompanie
Selects Guastatori Squad
250 Light Carrier
Selects L6/40 Light Tank Combat Group
Support Armor Elements
Assault Mechanized Group
Watch your back!
matthias-sto
Skaarj
番茄
iAbstractBrain
Hiti244
Mael Radec
Soud
0
0

Comments sign in to comment!

No comments posted yet!